 Dungeon Crawl Stone Soup version 0.27.0-1-g7a089689b8 (webtiles) character file.

Game seed: 1245690076580122447

32 trckry the Sneak (level 3, -9/29 HPs)
             Began as a Human Delver on Aug 8, 2021.
             Splashed by a jelly's acid (10 damage)
             ... on level 4 of the Dungeon.
             The game lasted 00:02:07 (219 turns).

trckry the Sneak (Human Delver)                      Turns: 219, Time: 00:02:07

Health: -9/29      AC: -5    Str: 13    XL:     3   Next: 42%
Magic:  3/3        EV: 12    Int: 10    God:
Gold:   66         SH:  0    Dex: 14    Spells: 2/2 levels left

rFire    . . .     SeeInvis .   a - +0 mace
rCold    . . .     Faith    .   (no shield)
rNeg     . . .     Spirit   .   b - +0 leather armour
rPois    .         Reflect  .   (no helmet)
rElec    .         Harm     .   (no cloak)
rCorr    .         Rampage  .   (no gloves)
Will     .....                  (no boots)
Stlth    +++.......             (no amulet)
HPRegen  0.09/turn              (no ring)
MPRegen  0.08/turn              (no ring)

@: corroded
A: no striking features
a: no special abilities


You were on level 4 of the Dungeon.
You visited 1 branch of the dungeon, and saw 2 of its levels.

You collected 66 gold pieces.

Inventory:

Hand Weapons
 a - a +0 mace (weapon)
Missiles
 i - 5 boomerangs (quivered)
Armour
 b - a +0 leather armour (worn)
Wands
 g - a wand of digging (3)
 h - a wand of paralysis (8)
 j - a wand of acid (13)
Scrolls
 c - a scroll of fog
 d - a scroll of magic mapping
 e - a scroll of fear
 k - a scroll of enchant armour {unknown}
Potions
 f - 2 potions of haste


   Skills:
 - Level 3.0 Fighting
 * Level 3.1 Maces & Flails
 - Level 2.0 Dodging
 - Level 5.0 Stealth
 + Level 1.4 Evocations


You had 2 spell levels left.
You didn't know any spells.
Your spell library contained the following spells:

 Spells                   Type           Power      Damage    Failure   Level
 Corona                   Hex            0%         N/A       43%         1
 Ensorcelled Hibernation  Hex/Ice        0%         N/A       58%         2
 Inner Flame              Hex/Fire       0%         N/A       82%         3
 Eringya's Noxious Bog    Tmut/Pois      0%         N/A       100%        6
 Discord                  Hex            0%         N/A       100%        8


Dungeon Overview and Level Annotations

Branches:
Dungeon (5/15)
 Temple: D:4-7

Altars:
Vehumet

Portals:
Ossuary: D:4


Message History

You kill the endoplasm!
You now have 66 gold pieces (gained 19).
You hear the slow hiss of an avalanche of sand nearby.
A jelly comes into view.
Throw: 5 boomerangs
Press: ? - help, Q - select action, (/) - cycle Shift-Dir - straight line, f - jelly
Aim: a jelly (asleep, 98% to hit)
You throw a boomerang.
The boomerang hits the jelly but does no damage.
The jelly quivers.
Throw: 5 boomerangs
Press: ? - help, Q - select action, (/) - cycle Shift-Dir - straight line, f/p - jelly
Aim: a jelly (89% to hit)
You throw a boomerang. The boomerang hits the jelly.
The jelly is moderately wounded.
Throw: 5 boomerangs
Press: ? - help, Q - select action, (/) - cycle Shift-Dir - straight line, f/p - jelly
Aim: a jelly (moderately wounded, 89% to hit)
You throw a boomerang. The boomerang hits the jelly.
The jelly is heavily wounded.
Throw: 5 boomerangs
Press: ? - help, Q - select action, (/) - cycle Shift-Dir - straight line, f/p - jelly
Aim: a jelly (heavily wounded, 89% to hit)
You throw a boomerang. The boomerang hits the jelly.
The jelly is severely wounded.
You hit the jelly. The acid corrodes you!
Your hands burn!
The jelly is severely wounded.
The jelly hits you. The acid corrodes you!
You are splashed with acid!
* * * LOW HITPOINT WARNING * * *
You take 13 damage, and have 4/29 hp.
MASSIVE DAMAGE!!
Found a sand-covered staircase.
Throw: 5 boomerangs
Press: ? - help, Q - select action, (/) - cycle Shift-Dir - straight line, f/p - jelly
Aim: a jelly (severely wounded, 89% to hit)
You throw a boomerang. The boomerang hits the jelly.
The jelly is almost dead.
The jelly hits you.
* * * LOW HITPOINT WARNING * * *
You are splashed with acid!
You die...

#.# ∩.8 #.# ... #.#
..# #.# #.# #.#
###.###.# ##
##...##..##
########.###.....J...#
...#...##.#...<.@....#
........#............#
............#........#
........#...#........#
...#...##...###..#####
########......#...###
#.....>....###...###
#..........# ###...##
##.....#...# ##.(.#


You could see a jelly.

Vanquished Creatures
  An iguana (D:4)
  2 endoplasms (D:4)
  A quokka (D:4)
4 creatures vanquished.

Notes
Turn   | Place    | Note
-------+----------+-------------------------------------------
     0 | D:5      | trckry the Human Delver began the quest for the Orb.
     0 | D:5      | Reached XP level 1. HP: 18/18 MP: 1/1
    89 | D:5      | Got Quren's Volume of Mutagenic Malediction
   100 | D:4      | Noticed an iguana
   124 | D:4      | Noticed an iguana
   150 | D:4      | Killed an iguana
   151 | D:4      | Reached skill level 1 in Evocations
   151 | D:4      | Reached XP level 2. HP: 24/24 MP: 2/2
   151 | D:4      | Reached XP level 3. HP: 29/29 MP: 3/3
   155 | D:4      | Found a radiant altar of Vehumet.
   215 | D:4      | HP: 4/29 [acid (9)]
   218 | D:4      | Found a sand-covered staircase.
   219 | D:4      | HP: 1/29 [jelly (3)]
   219 | D:4      | Splashed by a jelly's acid

Illustrated notes

Levels and vault maps discovered:
D:4:      layout_rooms, general_overflow_altar, marbit_many_paths, temple_hall,
          serial_curves, eino_curves_02, eino_curves_03, eino_curves_02,
          eino_curves_03, nicolae_ossuary_entry_monument, uniq_duvessa
D:5:      cheibrodos_iron_armory, layout_basic, minmay_manual_mares,
          uniq_eustachio

Skill      XL: |  1 |
---------------+----+-----
Maces & Flails | 3 |  3.1
Evocations     | 1 |  1.4
Fighting       | |  3.0
Dodging        | |  2.0
Stealth        | |  5.0

Action                   || total
-------------------------++-------
Melee: Mace              ||    13
Throw: Boomerang         ||     5
Evoke: Wand              ||     1
 Stab: Sleeping          ||     1
Dodge: Dodged            ||     5
